AoeStats
← Jikars

Arena

510130872Analyzed
4v4 RM · 4d ago on Sep 29, 2026· 50m 12s· 8 players
Game mode
Random Map
Map size
Large (8 player)
Population
200
Speed
Normal
Resources
Standard
Victory
Conquest
Starting age
Dark Age
Ending age
Imperial Age
RankedLock teamsTeams togetherTeam positionsShared explorationLock speedFull tech treeHidden civsTurbo modeCheats
Victory
Defeat
🇩🇰 Muisca · Denmark
1065
+18
🇨🇴 Persians · Colombia
1038
+19
🇩🇰 Poles · Denmark
1001
+30
🇵🇪 Cumans · Peru
957
+22
🇨🇴 Vikings · Colombia
1168
-21
🇨🇴 Huns · Colombia
1121
-21
🇨🇴 Khmer · Colombia
1118
-21
🇨🇴 Vietnamese · Colombia
1023
-17
skepticart
11:44 Feudal Age
12:18 Double-Bit Axe
12:26 Horse Collar
15:28 Castle Age
15:05 Stone Mining
15:09 Gold Mining
18:44 Bow Saw
18:52 Fervor
21:40 Heavy Plow
22:51 Wheelbarrow
23:04 Bloodlines
25:01 Loom
26:39 Husbandry
26:49 Scale Barding Armor
26:54 Forging
26:53 Szlachta Privileges
29:26 Imperial Age
28:17 Szlachta Privileges
30:11 Chain Barding Armor
30:27 Iron Casting
29:42 Cavalier
30:58 Hand Cart
34:40 Conscription
35:21 Crop Rotation
41:01 Blast Furnace
40:04 Scale Mail Armor
CVPE | Monje del SENA
9:41 Feudal Age
11:36 Loom
14:33 Castle Age
12:43 Double-Bit Axe
12:56 Horse Collar
21:58 Bow Saw
21:50 Heavy Plow
21:55 Loom
24:47 Wheelbarrow
26:18 Hand Cart
29:24 Imperial Age
27:30 Gold Mining
28:38 Kamandaran
29:46 Gold Shaft Mining
29:34 Scale Barding Armor
29:56 Forging
29:48 Padded Archer Armor
29:38 Fletching
30:13 Conscription
29:25 Crossbowman
30:12 Thumb Ring
31:07 Husbandry
31:18 Bloodlines
32:15 Crop Rotation
32:45 Chain Barding Armor
33:01 Iron Casting
34:14 Two-Man Saw
34:22 Plate Barding Armor
34:03 Leather Archer Armor
33:43 Bodkin Arrow
33:36 Elite War Elephant
37:03 Chemistry
36:24 Ballistics
38:39 Ring Archer Armor
38:04 Bodkin Arrow
39:08 Cavalier
40:17 Savar
43:35 Scale Mail Armor
46:54 Blast Furnace
asaenzb16_1
9:43 Feudal Age
10:29 Double-Bit Axe
11:02 Man-at-Arms
15:31 Forging
23:42 Castle Age
23:08 Stone Mining
25:37 Fletching
25:48 Padded Archer Armor
26:18 Bow Saw
26:33 Loom
26:41 Town Watch
27:41 Gold Mining
28:16 Bodkin Arrow
28:58 Horse Collar
30:00 Heavy Plow
34:26 Wheelbarrow
38:03 Imperial Age
36:09 Leather Archer Armor
36:24 Squires
36:11 Arson
37:08 Heated Shot
37:41 Ballistics
38:09 Masonry
39:03 Caravan
38:55 Elite Kipchak
40:49 Chemistry
40:30 Conscription
40:43 Ring Archer Armor
40:58 Steppe Husbandry
43:37 Scale Barding Armor
44:08 Iron Casting
44:15 Hand Cart
44:02 Town Patrol
47:04 Chain Barding Armor
47:45 Blast Furnace
46:40 Light Cavalry
47:30 Bloodlines
Cabeceo_e
10:44 Feudal Age
15:04 Castle Age
13:43 Double-Bit Axe
13:41 Horse Collar
16:18 Bow Saw
16:12 Champi Runner
17:22 Fletching
22:19 Redemption
27:58 Wheelbarrow
27:38 Loom
30:29 Imperial Age
28:02 Bodkin Arrow
29:00 Gold Mining
29:13 Heavy Plow
29:07 Stone Mining
29:22 Padded Archer Armor
28:46 Crossbowman
30:23 Ballistics
30:49 Gold Shaft Mining
30:50 Stone Shaft Mining
30:55 Leather Archer Armor
30:43 Arbalester
31:29 Thumb Ring
31:38 Bracer
32:53 Two-Man Saw
32:29 Conscription
32:39 Hand Cart
32:54 Herbalism
34:06 Town Watch
34:33 Scale Mail Armor
34:52 Forging
35:47 Chemistry
34:43 Murder Holes
34:58 Masonry
36:17 Chain Mail Armor
36:37 Iron Casting
36:35 Crop Rotation
35:50 Elite Skirmisher
36:46 Capped Ram
37:50 Elite Temple Guard
38:31 Squires
39:03 Plate Mail Armor
38:42 Huaracas
39:13 Hoardings
38:29 Elite Guecha Warrior
38:41 Pikeman
38:41 Champi Runner
39:46 Siege Engineers
39:22 Treadmill Crane
39:34 Guard Tower
40:41 Champi Warrior
42:27 Elite Champi Warrior
Grimuka
7:19 Loom
11:27 Feudal Age
12:15 Horse Collar
12:21 Double-Bit Axe
17:48 Castle Age
16:12 Stone Mining
17:47 Gold Mining
17:51 Fletching
19:54 Bow Saw
22:54 Heavy Plow
31:27 Imperial Age
29:03 Padded Archer Armor
30:04 Wheelbarrow
30:24 Ballistics
30:01 Murder Holes
30:19 Pikeman
31:00 Squires
31:09 Treadmill Crane
31:31 Bodkin Arrow
31:52 Leather Archer Armor
32:44 Forging
32:39 Halberdier
35:12 Two-Man Saw
34:44 Hand Cart
34:14 Town Watch
35:03 Ring Archer Armor
35:29 Bracer
35:30 Scale Mail Armor
35:00 Elite Skirmisher
36:30 Iron Casting
35:42 Imperial Skirmisher
37:35 Crop Rotation
37:46 Chain Mail Armor
41:06 Plate Mail Armor
Cookie Monster
11:12 Feudal Age
15:01 Castle Age
13:19 Double-Bit Axe
18:51 Bow Saw
19:37 Horse Collar
20:55 Heavy Plow
22:36 Gold Mining
25:17 Fervor
28:23 Gold Shaft Mining
27:41 Stone Mining
31:14 Imperial Age
29:41 Forging
29:31 Scale Mail Armor
29:23 Loom
29:23 Town Watch
29:11 Pikeman
29:52 Squires
30:15 Town Patrol
30:06 Arson
32:30 Iron Casting
32:10 Chain Mail Armor
33:16 Two-Man Saw
32:53 Crop Rotation
33:03 Conscription
32:25 Elite Varangian Guard
34:21 Chieftains
35:25 Blast Furnace
35:13 Plate Mail Armor
37:00 Capped Ram
37:59 Block Printing
38:21 Siege Ram
41:27 Careening
41:35 Careening
41:32 Siege Engineers
anamagg08
12:02 Feudal Age
13:13 Loom
14:46 Wheelbarrow
16:54 Castle Age
16:32 Horse Collar
24:14 Stone Mining
26:37 Double-Bit Axe
29:32 Heavy Plow
32:12 Hand Cart
36:19 Imperial Age
34:25 Gold Mining
35:07 Town Watch
36:18 Forging
36:14 Scale Barding Armor
36:13 Husbandry
36:24 Bloodlines
37:22 Conscription
37:10 Cavalier
38:14 Chain Barding Armor
38:30 Iron Casting
39:46 Chemistry
39:09 Bow Saw
39:52 Gold Shaft Mining
41:26 Murder Holes
Jikars
8:30 Loom
10:16 Feudal Age
8:44 Loom
10:35 Feudal Age
14:47 Castle Age
13:11 Stone Mining
14:35 Double-Bit Axe
20:37 Bow Saw
22:48 Wheelbarrow
22:11 Horse Collar
23:03 Gold Mining
26:21 Hand Cart
31:51 Imperial Age
30:45 Heavy Plow
31:07 Forging
30:21 Pikeman
31:36 Scale Mail Armor
32:27 Iron Casting
32:48 Chain Mail Armor
32:23 Arson
33:23 Conscription
34:40 Double Crossbow
35:48 Gold Mining
36:35 Stone Shaft Mining
36:31 Halberdier
38:12 Blast Furnace
39:35 Crop Rotation
39:53 Scale Barding Armor
40:50 Tusk Swords
41:11 Chain Barding Armor
41:49 Husbandry
41:42 Elite Battle Elephant
42:37 Bloodlines
43:30 Town Watch
45:52 Plate Barding Armor
46:07 Light Cavalry
Connection lost

Rejoining the realm…

Still unreachable

The connection could not be restored.

Session expired

The server has moved on; the page needs a fresh start.